 Dungeon Crawl Stone Soup version 0.18-a0-1164-g7046a04 (webtiles) character file.

2612 Arkorax the Nimble (level 9, 0/76 HPs)
             Began as a Merfolk Skald on Jan 25, 2016.
             Was a Believer of Zin.
             Slain by a centaur zombie (3 damage)
             ... on level 7 of the Dungeon.
             The game lasted 00:15:41 (9328 turns).

Arkorax the Nimble (Merfolk Skald)                  Turns: 9328, Time: 00:15:41

Health: 0/76       AC:  8    Str: 14    XL:     9   Next: 60%
Magic:  21/21      EV: 17    Int: 11    God:    Zin [**....]
Gold:   176        SH:  0    Dex: 19    Spells: 1 memorised, 11 levels left

rFire  . . .     SeeInvis .     D - +0 trident
rCold  . . .     Gourm    .     d - +3 ring mail
rNeg   . . .     Faith    .     (no shield)
rPois  .         Spirit   .     (no helmet)
rElec  .         Dismiss  .     (no cloak)
rCorr  .         Reflect  .     (no gloves)
SustAt .         Harm     .     (no boots)
MR     .....                    o - amulet of rage
Stlth  +.........               t - ring of magical power
                                q - +4 ring of dexterity

@: lethally poisoned (0 -> -1), heavily drained, not resistant to hostile
enchantments, very unstealthy
A: change form in water, swift swim
a: Recite, Vitalisation, Donate Gold, Renounce Religion, Evoke Berserk Rage


You were on level 7 of the Dungeon.
You worshipped Zin.
Zin was pleased with you.
You were not hungry.

You visited 2 branches of the dungeon, and saw 8 of its levels.

You collected 285 gold pieces.
You donated 109 gold pieces to Zin.

Inventory:

Hand Weapons
 a - a +0 spear
 r - a +0 blowgun
 D - a +0 trident (weapon)
Missiles
 s - 35 poisoned needles
Armour
 b - a +0 leather armour
 d - a +3 ring mail (worn)
 G - a +2 robe of positive energy
Jewellery
 o - an amulet of rage (around neck)
 q - a +4 ring of dexterity (left hand)
 t - a ring of magical power (right hand)
Wands
 H - a wand of flame (23/48)
Scrolls
 e - a scroll of random uselessness {unknown}
 h - a scroll of recharging {unknown}
 m - 4 scrolls of identify {unknown}
 n - a scroll of blinking {unknown}
 u - a scroll of enchant weapon {unknown}
 v - a scroll of fear {unknown}
 w - 2 scrolls of teleportation
 y - a scroll of fog {unknown}
 C - 2 scrolls of remove curse
 E - a scroll of enchant armour {unknown}
 F - a scroll of amnesia
Potions
 f - a potion of magic {unknown}
 g - a potion of might {unknown}
 i - 2 potions of agility
 k - 3 potions of heal wounds {unknown}
 l - 3 potions of brilliance {unknown}
 x - a potion of berserk rage {unknown}
 z - a potion of resistance {unknown}
Books
 c - a book of Battle

   Spells                             Type                      Level
   a - Infusion                       Charms                       1
   b - Shroud of Golubria             Charms/Translocation         2
   c - Song of Slaying                Charms                       2
   d - Spectral Weapon                Hexes/Charms                 3
   e - Regeneration                   Charms/Necromancy            3
Comestibles
 j - a meat ration
 p - a slice of pizza
 A - 2 fruits
 B - 2 beef jerkies


   Skills:
 * Level 9.3(7.9) Fighting
 + Level 8.5(7.2) Polearms
 - Level 0.6(0.0) Armour
 * Level 10.4(9.0) Dodging
 - Level 2.0(0.9) Spellcasting
 - Level 3.2(2.1) Charms


You had 11 spell levels left.
You knew the following spells:

 Your Spells              Type           Power        Failure   Level  Hunger
a - Infusion              Chrm           #...         34%         1    ##.....


Dungeon Overview and Level Annotations

Branches:
Dungeon (7/15)             Temple (1/1) D:4

Altars:
Ashenzari
Cheibriados
Dithmenos
Elyvilon
Gozag
Makhleb
Nemelex Xobeh
Okawaru
Pakellas
Ru
Sif Muna
Trog
Vehumet
Xom
Yredelemnul
Zin
The Shining One

Annotations:
D:5 Arkorax's ghost, novice DrCK
D:7 namelastname112's ghost, novice DrAK


Message History

You feel sick.
You feel sick.
You feel sick. The worker ant bites you!
You feel sick.
Namelastname112's ghost breathes negative energy at you.
The bolt of negative energy hits the centaur zombie.
The centaur zombie completely resists.
The bolt of negative energy hits you!
You feel drained.
* * * LOW HITPOINT WARNING * * *
The centaur zombie barely misses you.
You feel sick. The centaur zombie closely misses you.
Drink which item? (? for menu, Esc to quit)
Okay, then.
You feel sick. The centaur zombie hits you.
* * * LOW HITPOINT WARNING * * *
You feel sick. The centaur zombie hits you.
You die...

.# ................#
.#####................#
......................#
................W.....#
..........[...........#
......................#
..<..............a....########
.>..............Z............#
................@##..........#
......##########.##..........####
......#........####..............
...............# #..........###.
#####..........# #............#.
#####..........####..........#.#.
...............'...........#.#.#.
#####..........##########..#.....
...####........# #..###.#.


You could see a worker ant, namelastname112's ghost and a centaur zombie.

Vanquished Creatures
  Pikel (D:7)
  Joseph (D:7)
  Prince Ribbit (D:7)
  Menkaure (D:5)
  Duvessa (D:7)
  2 sky beasts
  3 ogres
  A phantom (D:3)
  A centaur (D:6)
  3 giant frogs (D:6)
  Dowan (D:7)
  A scorpion (D:4)
  2 crimson imps
  A hound (D:6)
  A giant frog zombie (D:3)
  An orc wizard (D:5)
  An orc priest (D:6)
  A giant frog skeleton (D:5)
  4 worker ants
  A hound skeleton (D:6)
  5 adders
  3 oozes
  An adder skeleton (D:6)
  3 adder zombies (D:6)
  2 worms
  6 giant geckos
  8 orcs
  A ball python (D:3)
  6 giant cockroaches
  9 goblins
  11 hobgoblins
  12 jackals
  5 quokkas
  13 bats
  5 giant newts
  A jackal skeleton (D:5)
  10 kobolds
  2 quokka skeletons
  10 rats
142 creatures vanquished.

Vanquished Creatures (others)
  4 slaves (D:7)
  An orc wizard (D:7)
  An orc priest (D:7)
  4 orcs (D:7)
10 creatures vanquished.

Grand Total: 152 creatures vanquished

Notes
Turn   | Place    | Note
--------------------------------------------------------------
     0 | D:1      | Arkorax the Merfolk Skald began the quest for the Orb.
     0 | D:1      | Reached XP level 1. HP: 16/16 MP: 3/3
   223 | D:1      | Reached XP level 2. HP: 23/23 MP: 5/5
  1170 | D:1      | Reached XP level 3. HP: 26/29 MP: 6/6
  1571 | D:2      | Found a faded altar to an unknown god.
  1957 | D:2      | Reached XP level 4. HP: 37/37 MP: 7/7
  2494 | D:3      | Reached skill level 4 in Fighting
  2795 | D:3      | Reached XP level 5. HP: 26/43 MP: 8/8
  2915 | D:3      | Found a shadowy altar of Dithmenos.
  2930 | D:3      | Found a shimmering altar of Xom.
  2930 | D:3      | Found an oddly glowing altar of Pakellas.
  2930 | D:3      | Found a basalt altar of Yredelemnul.
  2938 | D:3      | Found a glowing golden altar of the Shining One.
  3452 | D:3      | Noticed a phantom
  3492 | D:3      | Killed a phantom
  3492 | D:3      | Reached XP level 6. HP: 16/50 MP: 3/9
  4049 | D:4      | Reached skill level 5 in Fighting
  4230 | D:4      | Reached skill level 5 in Dodging
  4595 | D:4      | Found a staircase to the Ecumenical Temple.
  4638 | D:4      | Reached skill level 5 in Polearms
  4642 | Temple   | Entered the Ecumenical Temple
  4762 | Temple   | Became a worshipper of Zin the Law-Giver
  4762 | Temple   | Reached * piety under Zin
  4777 | Temple   | Donated 81 gold pieces to Zin
  4828 | D:4      | Reached XP level 7. HP: 53/56 MP: 10/10
  5053 | D:5      | Entered Level 5 of the Dungeon
  5332 | D:5      | Noticed Menkaure
  5349 | D:5      | Killed Menkaure
  5349 | D:5      | Reached skill level 6 in Fighting
  6055 | D:5      | Reached ** piety under Zin
  6139 | D:5      | Noticed Arkorax's ghost (novice DrCK)
  6404 | D:5      | Reached skill level 7 in Dodging
  6404 | D:5      | Reached XP level 8. HP: 42/65 MP: 11/11
  7227 | D:6      | Reached skill level 8 in Dodging
  8059 | D:7      | Noticed namelastname112's ghost (novice DrAK)
  8355 | D:7      | Noticed Pikel
  8389 | D:7      | Killed Pikel
  8389 | D:7      | Reached skill level 9 in Dodging
  8389 | D:7      | Reached XP level 9. HP: 26/75 MP: 12/12
  8648 | D:7      | Noticed Duvessa
  8652 | D:7      | Noticed Dowan
  8659 | D:7      | Killed Duvessa
  8680 | D:7      | Killed Dowan
  8792 | D:7      | Noticed Joseph
  8814 | D:7      | Killed Joseph
  8814 | D:7      | Reached skill level 10 in Dodging
  9179 | D:7      | Noticed Prince Ribbit
  9208 | D:7      | Killed Prince Ribbit
  9324 | D:7      | HP: 3/76 [centaur zombie (4)]
  9328 | D:7      | Slain by a centaur zombie

Vault maps used:
D:1:      minmay_arrival_shattered_statue
D:2:      ecumenical_altar_2
D:3:      grunt_temple_overflow_open, first_bread, minmay_misc_feat_plants
D:4:      minmay_temple_entry_enclosed_plants
D:5:      enter_ossuary_2, uniq_menkaure
D:7:      uniq_duvessa, uniq_prince_ribbit1, uniq_joseph, uniq_pikel
Temple:   jpeg_temple_clearing_12

Action                   |  1- 3 |  4- 6 |  7- 9 || total
-------------------------+-------+-------+-------++-------
Melee: Spear             |   143 |   269 |   171 ||   583
       Trident           |    26 |       |   251 ||   277
 Fire: Blowgun           |       |     7 |    52 ||    59
 Cast: Infusion          |     1 |     1 |     4 ||     6
Invok: Donate Gold       |       |     1 |       ||     1
  Use: Scroll            |     3 |       |       ||     3
       Potion            |       |     3 |       ||     3
 Stab: Sleeping          |       |       |     1 ||     1
  Eat: Chunk             |     3 |     1 |     2 ||     6
       Meat ration       |       |     1 |     1 ||     2
       Bread ration      |       |     1 |     2 ||     3
